 Dungeon Crawl Stone Soup version 0.28.0 (webtiles) character file.

Game seed: 13557652328558802899

79942 Findor the Peltast (level 15, -6/99 HPs)
             Began as a Gargoyle Gladiator on Feb 5, 2022.
             Was an Initiate of Gozag.
             Mangled by Frances (39 damage)
             ... on level 12 of the Dungeon.
             The game lasted 00:57:52 (35432 turns).

Findor the Peltast (Gargoyle Gladiator)            Turns: 35432, Time: 00:57:52

Health: -6/99      AC: 28    Str: 26    XL:     15   Next: 65%
Magic:  15/15      EV: 13    Int: 10    God:    Gozag
Gold:   3826       SH: 18    Dex: 11    Spells: 14/14 levels left

rFire   + + .      SeeInvis .   a - +0 whip (elec)
rCold   + . .      Faith    .   X - +0 kite shield {rC+}
rNeg    + + .      Spirit   .   j - +3 ring mail "Fuidwiun" {rF+ Str-2 Slay+2}
rPois   ∞          Reflect  +   O - +2 helmet
rElec   +          Harm     .   V - +0 cloak
rCorr   .          Rampage  .   e - +1 pair of gloves
Will    ++...                   J - +2 pair of boots {Stlth+}
Stlth   +++.......              W - amulet of reflection
HPRegen 0.26/turn               m - ring "Adwidamm" {rF+ rN+ Str+4}
MPRegen 0.14/turn               p - ring of willpower

@: corroded, flying
A: sickness immunity, AC +11, big wings, negative energy resistance 1,
electricity resistance, torment resistance 1, petrification resistance
a: Renounce Religion, Potion Petition, Call Merchant, Bribe Branch


You were on level 12 of the Dungeon.
You worshipped Gozag.
Gozag was most pleased with you.
You visited 3 branches of the dungeon, and saw 19 of its levels.
You also visited: Ice Cave.

You collected 6399 gold pieces.
You spent 1484 gold pieces at shops.
You paid 1089 gold pieces to Gozag.


Innate Abilities, Weirdness & Mutations

You are immune to sickness and miasma.
Your stone body is resilient. (AC +11)
You are immune to poison.
Your large and strong wings let you fly.
You resist negative energy. (rN+)
You are resistant to electric shocks. (rElec)
You are resistant to unholy torment.
You are immune to petrification.


   Skills:
 + Level 13.6 Fighting
 + Level 15.3 Maces & Flails
 - Level 1.7 Throwing
 + Level 11.1 Armour
 + Level 9.5 Dodging
 + Level 4.9 Stealth
 - Level 16.0 Shields
 + Level 3.6 Evocations


You had 14 spell levels left.
You didn't know any spells.
Your spell library contained the following spells:

 Spells                   Type           Power      Damage    Failure   Level
 Apportation              Tloc           0%         N/A       65%         1
 Static Discharge         Conj/Air       0%         N/A       78%         2
 Ignite Poison            Fire/Tmut/Pois 0%         N/A       95%         3
 Mephitic Cloud           Conj/Pois/Air  0%         N/A       95%         3
 Ozocubu's Armour         Ice            0%         N/A       95%         3
 Dispel Undead            Necr           0%         3d6       100%        4
 Sticky Flame             Conj/Fire      0%         2d3       100%        4
 Summon Ice Beast         Ice/Summ       0%         N/A       100%        4
 Summon Lightning Spire   Summ/Air       0%         N/A       100%        4
 Alistair's Intoxication  Tmut/Pois      0%         N/A       100%        5
 Fireball                 Conj/Fire      0%         3d3       100%        5
 Freezing Cloud           Conj/Ice/Air   0%         6-21      100%        5
 Iskenderun's Battlesphe  Conj           0%         2d6       100%        5
 Metabolic Englaciation   Hex/Ice        0%         N/A       100%        5
 Summon Forest            Summ/Tloc      0%         N/A       100%        5
 Summon Mana Viper        Hex/Summ       0%         N/A       100%        5
 Conjure Ball Lightning   Conj/Air       0%         3x3d6     100%        6
 Eringya's Noxious Bog    Tmut/Pois      0%         N/A       100%        6
 Simulacrum               Ice/Necr       0%         N/A       100%        6
 Monstrous Menagerie      Summ           0%         N/A       100%        7
 Orb of Destruction       Conj           0%         9d5       100%        7
 Storm Form               Tmut/Air       0%         N/A       100%        7
 Summon Hydra             Summ           0%         N/A       100%        7
 Maxwell's Capacitive Co  Air            0%         ∞         100%        8

Inventory:

Hand Weapons
 a - a +0 whip of electrocution (weapon)
   (You took it off a kobold on level 3 of the Dungeon)
 b - a +2 whip of venom
   (You took it off a gnoll on level 4 of the Dungeon)
 h - a +0 hunting sling
   (You found it on level 2 of the Dungeon)
 o - a +1 flail of protection
   (You took it off Edmund on level 4 of the Dungeon)
 Y - a +2 triple sword of freezing
   (You found it in an ice cave)
Missiles
 d - 4 throwing nets {!f}
 E - 8 javelins (quivered)
Armour
 e - a +1 pair of gloves (worn)
   (You found it on level 10 of the Dungeon)
 j - the +3 ring mail "Fuidwiun" (worn) {rF+ Str-2 Slay+2}
   (You found it on level 6 of the Dungeon)

   Str:       It affects your strength (-2).
   Slay:      It affects your accuracy & damage with ranged weapons and melee
   (+2).
   rF:        It protects you from fire.
 J - a +2 pair of boots of stealth (worn)
   (You bought it in a shop on level 9 of the Dungeon)
 O - a +2 helmet (worn)
   (You found it on level 3 of the Lair of Beasts)
 V - a +0 cloak (worn)
   (You found it on level 6 of the Lair of Beasts)
 X - a +0 kite shield of cold resistance (worn)
   (You found it in an ice cave)
Jewellery
 m - the ring "Adwidamm" (left hand) {rF+ rN+ Str+4}
   (You found it in an ice cave)

   [ring of positive energy]

   Str:       It affects your strength (+4).
   rF:        It protects you from fire.
   rN:        It protects you from negative energy.
 p - a ring of willpower (right hand)
   (You found it on level 10 of the Dungeon)
 W - an amulet of reflection (around neck)
   (You found it on level 6 of the Lair of Beasts)
Wands
 l - a wand of charming (4)
   (You found it on level 4 of the Lair of Beasts)
 n - a wand of paralysis (1)
   (You took it off Edmund on level 4 of the Dungeon)
 q - a wand of flame (88)
   (You took it off a gnoll on level 4 of the Dungeon)
 v - a wand of digging (8)
   (You found it on level 5 of the Lair of Beasts)
 K - a wand of polymorph (4)
   (You found it on level 5 of the Lair of Beasts)
Scrolls
 i - 2 scrolls of magic mapping
 k - 3 scrolls of enchant weapon
 r - 2 scrolls of fog
 t - a scroll of silence
 u - 2 scrolls of blinking
 w - 3 scrolls of immolation {!r}
 y - 8 scrolls of teleportation {@r4}
 z - 3 scrolls of enchant armour
 C - a scroll of noise {unknown}
 I - 4 scrolls of fear
 P - 3 scrolls of vulnerability {!r}
Potions
 g - a potion of magic
 x - 3 potions of haste {@q3}
 A - 5 potions of lignification {!q}
 B - 2 potions of mutation {!q}
 D - 3 potions of brilliance {unknown}
 G - 4 potions of flight {unknown}
 L - a potion of attraction {unknown}
 M - 7 potions of curing {@q1}
 N - a potion of invisibility {unknown}
 T - a potion of cancellation
 U - 2 potions of degeneration {unknown}
Miscellaneous
 c - a lightning rod (4/4) {!a}
   (You found it on level 3 of the Lair of Beasts)
 R - a condenser vane (inert)
   (You found it on level 4 of the Lair of Beasts)


Message History

You hit Frances.
Frances drinks a potion.
Frances seems to grow stronger.
You hit Frances. You hit Frances. You block Frances's attack.
You barely miss Frances. You block Frances's attack.
You hit Frances. Lightning courses through Frances!
Frances runs a finger over her scar.
Frances hits you with a +0 trident!!
You hit Frances but do no damage.
Frances says, "There is a strange beauty in the demonic, don't you think?"
Frances hits you with a +0 trident!
You hit Frances.
Frances says, "I have seen worlds and universes beyond all imagining."
Frances whispers indecipherable words.
You closely miss Frances.
Frances is distracted by your dazzling golden aura.
You hit Frances but do no damage. Lightning courses through Frances!
Frances is no longer distracted by gold.
The hellwing barely misses you. You block the hellwing's attack.
You hit Frances. Frances barely misses you.
You barely miss Frances.
Frances screams a word of power!
You block the hellwing's attack. x2
You barely miss Frances. You block Frances's attack.
You block the hellwing's attack. x2
You barely miss Frances. You block Frances's attack.
The orange demon stings you from afar. You block the rust devil's attack.
You closely miss Frances. You block Frances's attack.
You block the hellwing's attack.
The hellwing hits you but does no damage.
You hit Frances.
The orange demon stings you but does no damage.
The rust devil hits you. The rust devil corrodes you! Frances misses you.
You whack Frances! You block the hellwing's attack.
The hellwing hits you but does no damage.
Frances screams a word of power!
The shard of ice hits you!! You partially resist.
* * * LOW HITPOINT WARNING * * *
Unknown command.
You hit Frances. You block the orange demon's attack.
The rust devil barely misses you.
You barely miss Frances. Frances misses you.
The hellwing hits you but does no damage.
You block the hellwing's attack. You block the rust devil's attack.
The orange demon stings you from afar!
* * * LOW HITPOINT WARNING * * *
Unknown command.
Unknown command.
You hit Frances but do no damage. Frances hits you with a +0 trident!!!
You die...
Your body crumbles into a pile of gold.

######## .......#
######## .#####.#
.......# .#####.#
#......## ....##.#
#........ .##.##.#
###.@4...# .##.##.#
# #.4@.....#
.......##
#.##.#4######
........# #......#
.##.##..#
####.#########
.##.##..#
#.#.......# #
.#......#
#.#.#####.# #.#
.#..##..#
#.#.#####.###'##
.#..##..#
###.........##...##
........#
#...........#.....##


You could see Frances (fast, strong), an orange demon (summoned), a hellwing
(summoned) and a rust devil (summoned).

Vanquished Creatures
  Kirke (Lair:5)
  A dire elephant (Lair:5)
  A boulder beetle (D:10)
  6 hydras
  Harold (Lair:1)
  A catoblepas (Lair:6)
  2 two-headed ogres (D:9)
  Urug (Lair:4)
  4 death yaks
  Nergalle (Lair:4)
  A wizard (D:12)
  A necromancer (IceCv)
  Pikel (D:6)
  2 lindwurms (Lair:4)
  A deep elf pyromancer (D:12)
  3 wolf spiders (Lair:6)
  An ugly thing (IceCv)
  3 cyclopes
  30 elephants
  3 centaur zombies
  A guardian serpent (Lair:6)
  12 black mambas
  An ice statue (IceCv)
  2 gargoyles
  18 cane toads
  6 rime drakes
  An unseen horror (D:12)
  21 komodo dragons
  11 ice devils (IceCv)
  An anaconda simulacrum (IceCv)
  An efreet (D:12)
  4 freezing wraiths (IceCv)
  3 entropy weaver simulacra (IceCv)
  4 polar bears
  4 hornets
  4 trolls
  11 dream sheep
  Sigmund (D:3)
  6 spriggans (Lair:2)
  A shadow (D:11)
  3 jumping spiders
  3 wraiths (D:12)
  13 wyverns
  7 basilisks
  2 dire elephant simulacra (IceCv)
  4 hogs (Lair:5)
  41 yaks
  2 steam dragons (D:8)
  5 death yak simulacra (IceCv)
  Menkaure (D:4)
  7 vampire mosquitoes (D:12)
  3 redbacks
  A two-headed ogre zombie (D:11)
  Edmund (D:4)
  A harpy simulacrum (IceCv)
  30 water moccasins
  4 orc warriors
  A swamp drake (Lair:2)
  3 sky beasts
  2 black bears (Lair:1)
  2 necrophages
  23 wolves
  4 boggarts (Lair:4)
  9 centaurs
  3 phantoms
  2 kobold brigands
  A gnoll sergeant (D:10)
  12 bullfrogs
  2 two-headed ogre simulacra (IceCv)
  A cane toad simulacrum (IceCv)
  A scorpion (D:5)
  10 killer bees
  4 wights (D:6)
  2 elephant simulacra (IceCv)
  2 electric eels (D:10)
  2 jellies
  7 orc priests
  2 bullfrog skeletons
  5 hounds
  Terence (D:2)
  6 iguanas
  8 orc wizards
  7 hell rats (Lair:5)
  6 polar bear simulacra (IceCv)
  A spriggan simulacrum (IceCv)
  A killer bee zombie (D:8)
  6 wolf simulacra (IceCv)
  7 ogre zombies (D:11)
  A hound skeleton (D:4)
  11 gnolls
  10 adders
  A naga simulacrum (IceCv)
  2 shadow imps
  3 white imps
  An ufetubus (IceCv)
  3 worms (D:2)
  5 dart slugs
  40 orcs
  10 endoplasms
  2 giant cockroaches
  6 hobgoblins
  19 kobolds
  5 quokkas
  3 ball pythons
  8 bats
  6 frilled lizards (D:6)
  3 goblins
  2 goblin skeletons (D:11)
  2 goblin zombies (D:11)
  A hobgoblin skeleton (D:11)
  2 hobgoblin zombies (D:11)
  5 orc skeletons (D:11)
  13 orc zombies (D:11)
  6 rats
619 creatures vanquished.

Vanquished Creatures (others)
  Maggie (Lair:2)
  A dream sheep (Lair:2)
  44 fungi
  118 plants
  9 toadstools (Lair:4)
  2 withered plants (D:9)
175 creatures vanquished.

Grand Total: 794 creatures vanquished

Notes
Turn   | Place    | Note
-------+----------+-------------------------------------------
     0 | D:1      | Findor the Gargoyle Gladiator began the quest for the Orb.
     0 | D:1      | Reached XP level 1. HP: 12/12 MP: 1/1
   288 | D:1      | Reached XP level 2. HP: 13/17 MP: 2/2
   936 | D:2      | Reached XP level 3. HP: 21/21 MP: 3/3
  1210 | D:2      | Reached XP level 4. HP: 25/26 MP: 4/4
  1231 | D:2      | Found a faded altar of an unknown god.
  1484 | D:2      | Noticed Terence
  1497 | D:2      | Killed Terence
  1724 | D:2      | Reached XP level 5. HP: 27/31 MP: 5/5
  2031 | D:3      | Noticed Sigmund
  2181 | D:3      | Noticed a necrophage
  2210 | D:2      | Killed a necrophage
  2211 | D:2      | Reached skill level 6 in Maces & Flails
  2211 | D:2      | Reached XP level 6. HP: 34/36 MP: 6/6
  2896 | D:4      | Noticed Edmund
  2898 | D:4      | Noticed Blork the orc
  3259 | D:3      | Killed Sigmund
  3260 | D:3      | Reached skill level 3 in Fighting
  3260 | D:3      | Reached XP level 7. HP: 3/41 MP: 7/7
  3837 | D:4      | Noticed Menkaure
  3845 | D:4      | Killed Menkaure
  4004 | D:4      | Killed Edmund
  4465 | D:4      | Reached XP level 8. HP: 37/48 MP: 8/8
  4683 | D:4      | Found Nagat's Gadget Gallery.
  4784 | D:4      | Reached skill level 9 in Maces & Flails
  4933 | D:5      | Entered Level 5 of the Dungeon
  5459 | D:5      | Found a staircase to the Ecumenical Temple.
  5472 | Temple   | Entered the Ecumenical Temple
  5683 | Temple   | Became a worshipper of Gozag Ym Sagoz the Greedy
  6768 | D:5      | HP: 9/48 [orc warrior (9)]
  6770 | D:5      | HP: 1/48 [orc warrior (8)]
  7688 | D:6      | Identified the +3 ring mail "Fuidwiun" {rF+ Str-2 Slay+2}
  7941 | D:6      | Reached XP level 9. HP: 39/53 MP: 9/9
  8603 | D:6      | Noticed Pikel
  8628 | D:6      | Killed Pikel
  9029 | D:6      | Reached skill level 12 in Maces & Flails
  9317 | D:7      | Reached skill level 1 in Armour
  9370 | D:7      | Found Zacziysi's Distillery.
  9378 | D:7      | Bought a potion of lignification for 39 gold pieces
  9378 | D:7      | Bought a potion of mutation for 104 gold pieces
  9378 | D:7      | Bought a potion of heal wounds for 65 gold pieces
  9551 | D:7      | Found Tifoy's Jewellery Emporium.
  9670 | D:7      | Reached skill level 6 in Fighting
 10189 | D:7      | Found Zimos's Weapon Shop.
 10392 | D:8      | Reached XP level 10. HP: 56/60 MP: 10/10
 10512 | D:8      | Noticed a five-headed hydra
 10751 | D:8      | Killed a five-headed hydra
 10752 | D:8      | Reached skill level 3 in Armour
 10752 | D:8      | Reached skill level 3 in Dodging
 11033 | D:8      | Found a shimmering blue altar of Sif Muna.
 11275 | D:8      | Found an ancient bone altar of Kikubaaqudgha.
 11371 | D:9      | Noticed a two-headed ogre
 11376 | D:9      | Killed a two-headed ogre
 11377 | D:9      | Reached skill level 1 in Shields
 11596 | D:9      | Reached skill level 2 in Shields
 11695 | D:9      | Found a basalt altar of Yredelemnul.
 11944 | D:9      | Found Urhaufitt's Armour Boutique.
 12195 | D:9      | Bought a +2 pair of boots of stealth for 236 gold pieces
 12207 | D:9      | Found a snail-covered altar of Cheibriados.
 12288 | D:9      | Found Mociomol's Self-Improvement Boutique.
 12301 | D:9      | Reached XP level 11. HP: 65/67 MP: 11/11
 12334 | D:9      | Found a blossoming altar of Fedhas.
 12356 | D:9      | Found a shadowy altar of Dithmenos.
 12421 | D:9      | Found a runed translucent door.
 12421 | D:9      | Noticed vilexy's ghost (novice TeCj)
 12507 | D:9      | Noticed a two-headed ogre
 12519 | D:9      | Killed a two-headed ogre
 12520 | D:9      | Reached skill level 3 in Shields
 12841 | D:10     | Entered Level 10 of the Dungeon
 13014 | D:10     | Found a staircase to the Lair.
 13057 | D:10     | Reached skill level 6 in Armour
 13092 | D:10     | HP: 4/68 [yak (11)]
 13461 | D:10     | HP: 19/102 [gargoyle (2)]
 13904 | D:10     | Reached skill level 4 in Shields
 13969 | D:10     | Found an ornate altar of the Wu Jian Council.
 14927 | D:9      | Found a bloodstained altar of Trog.
 14983 | Lair:1   | Entered Level 1 of the Lair of Beasts
 15000 | Lair:1   | Noticed a five-headed hydra
 15032 | Lair:1   | Killed a five-headed hydra
 15338 | Lair:1   | Noticed a four-headed hydra
 15345 | Lair:1   | Reached skill level 5 in Shields
 15357 | Lair:1   | Killed a four-headed hydra
 15358 | Lair:1   | Reached skill level 9 in Fighting
 15724 | Lair:1   | Reached XP level 12. HP: 62/76 MP: 12/12
 15813 | Lair:1   | Noticed Harold
 15845 | Lair:1   | Killed Harold
 15846 | Lair:1   | Reached skill level 6 in Shields
 15854 | Lair:1   | HP: 13/76 [komodo dragon (15)]
 16299 | Lair:1   | HP: 4/76 [komodo dragon (21)]
 17166 | Lair:1   | Reached skill level 7 in Shields
 17873 | D:9      | Bought a manual of Shields for 1040 gold pieces
 17941 | Lair:2   | Found a staircase to the Swamp.
 18153 | Lair:2   | Noticed Maggie
 18161 | Lair:2   | Reached skill level 6 in Dodging
 18161 | Lair:2   | Reached skill level 8 in Shields
 18203 | Lair:2   | Killed Maggie
 18821 | Lair:2   | Found a hole to the Spider Nest.
 18870 | Lair:2   | Reached skill level 9 in Shields
 18922 | Lair:2   | HP: 12/78 [polar bear (20)]
 18923 | Lair:2   | HP: 4/78 [polar bear (8)]
 19262 | Lair:2   | Found a transporter.
 19289 | Lair:2   | Found a transporter.
 19368 | Lair:2   | Reached skill level 9 in Armour
 19736 | Lair:2   | Noticed sAilor's ghost (journeyman FoBr)
 19899 | Lair:2   | Found a stormy altar of Qazlal.
 19985 | Lair:2   | Reached XP level 13. HP: 84/84 MP: 13/13
 20358 | Lair:3   | Reached skill level 10 in Shields
 21214 | Lair:4   | Noticed Urug
 21258 | Lair:4   | Killed Urug
 21259 | Lair:4   | Reached skill level 11 in Shields
 21703 | Lair:4   | Noticed Nergalle
 21721 | Lair:4   | Killed Nergalle
 23086 | Lair:4   | Reached skill level 12 in Shields
 23507 | Lair:4   | HP: 16/84 [komodo dragon (8)]
 24001 | Lair:4   | Found a runed translucent door.
 24346 | Lair:4   | Identified the ring of Noqaluse {*Corrode Fly rPois rF+
                  | Str+3 Int+3}
 24572 | Lair:5   | Reached skill level 13 in Shields
 24942 | Lair:5   | Reached skill level 12 in Fighting
 25361 | Lair:5   | Found a staircase to the Slime Pits.
 25362 | Lair:5   | Found a viscous altar of Jiyva.
 25426 | Lair:5   | Identified the +0 ring mail of Campass {Str+5}
 25500 | Lair:4   | Gained mutation: Your large and strong wings let you fly.
                  | [Gargoyle growth]
 25500 | Lair:4   | Reached XP level 14. HP: 73/92 MP: 14/14
 26000 | Lair:5   | Noticed Kirke
 26024 | Lair:5   | Reached skill level 14 in Shields
 26044 | Lair:5   | Killed Kirke
 26993 | Lair:6   | Entered Level 6 of the Lair of Beasts
 27607 | Lair:5   | Reached skill level 15 in Shields
 28747 | Lair:6   | Noticed a dire elephant
 28817 | Lair:5   | Killed a dire elephant
 29184 | Lair:6   | Reached skill level 16 in Shields
 29339 | Lair:6   | Reached skill level 1 in Stealth
 29417 | Lair:6   | Reached skill level 1 in Evocations
 29437 | Lair:6   | Reached skill level 9 in Dodging
 29766 | Lair:6   | Reached XP level 15. HP: 59/98 MP: 15/15
 30458 | Lair:6   | Reached skill level 15 in Maces & Flails
 30735 | Lair:6   | Reached skill level 3 in Stealth
 31543 | D:11     | Found a staircase to the Orcish Mines.
 32418 | D:12     | Found a frozen archway.
 32426 | IceCv    | Entered an ice cave
 32553 | IceCv    | Found an ancient bone altar of Kikubaaqudgha.
 32987 | IceCv    | Reached skill level 3 in Evocations
 34480 | IceCv    | Identified the ring "Adwidamm" {rF+ rN+ Str+4}
 35268 | D:12     | Found an iron altar of Okawaru.
 35404 | D:12     | Noticed Frances
 35432 | D:12     | Mangled by Frances

Levels and vault maps discovered:
D:1:      minmay_arrival_nine_rooms, layout_basic
D:2:      layout_loops_ring, ebering_ecumenical_altar_webs, minmay_cupped,
          uniq_terence
D:3:      layout_rooms, minmay_checkerbox, uniq_sigmund
D:4:      layout_loops_ring, nicolae_shop_gadgets, uniq_menkaure, uniq_edmund,
          uniq_blork_the_orc
D:5:      layout_gridville, minmay_temple_entry_trees, serial_rivers,
          chequers_serial_rivers_micro_b, chequers_serial_rivers_room_a,
          chequers_serial_rivers_large_a, chequers_serial_rivers_small_a
D:6:      layout_basic, minmay_lizard_king, uniq_pikel
D:7:      layout_layer_cave, serial_shops, shop, shop, shop
D:8:      layout_rooms, mainiacjoe_overflow_catwalk_spiral,
          corexii_hall_statues_x
D:9:      layout_basic, mainiacjoe_overflow_chevrons, lemuel_doored_altar,
          overflow_temple_1_default, nicolae_overflow_hidden_temple,
          serial_shops, shop_fountains, gammafunk_ghost_grave,
          nicolae_shop_self_help
D:10:     layout_basic, mainiacjoe_overflow_24_doors, erik_lair_island,
          serial_bayou_pond_d
D:11:     layout_irregular_city, zombieorc2_lemuel
D:12:     layout_loops_corners, portal_ice_cave_entry_pillars_2,
          okawaru_trees_1, uniq_frances
Temple:   eino_narrow_crystal_temple
Lair:1:   layout_loops_ring, beast_lair_carwin_7, infiniplex_staircase_pool,
          uniq_harold
Lair:2:   layout_cave_pods, minmay_swamp_entry_reptiles, spider_nest_entry_a,
          nzn_ghost_randoct, basic_altar, wad_woods_01, uniq_maggie
Lair:3:   layout_big_grid
Lair:4:   gammafunk_lair_enchanted_lake, layout_gridlike,
          kilobyte_rumbling_trees, uniq_urug, uniq_nergalle
Lair:5:   layout_roguey, slime_altar_1, grunt_megastairs_3, lemuel_fruit_tree,
          uniq_kirke
Lair:6:   hangedman_lair_tendril_chambers, layout_misc_corridors, serial_rivers,
          chequers_serial_rivers_small_b, chequers_serial_rivers_micro_e,
          chequers_serial_rivers_marsh, chequers_serial_rivers_room_a,
          nicolae_lair_grazing_beasts [nicolae_sub_lair_graze_edge,
          nicolae_sub_lair_graze_edge, nicolae_sub_lair_graze_edge,
          nicolae_sub_lair_graze_edge]

Action                   |  1- 3 |  4- 6 |  7- 9 | 10-12 | 13-15 || total
-------------------------+-------+-------+-------+-------+-------++-------
Melee: Flail             |    90 |   117 |       |       |       ||   207
       Punch             |     3 |     1 |     8 |       |       ||    12
       Whip              |       |    39 |   530 |  1051 |  2636 ||  4256
Throw: Throwing net      |       |     2 |       |       |       ||     2
       Javelin           |       |       |       |     9 |       ||     9
Invok: Potion Petition   |       |       |       |     1 |     1 ||     2
Evoke: Wand              |       |       |       |    12 |     7 ||    19
       Lightning rod     |       |       |       |       |     3 ||     3
       Condenser vane    |       |       |       |       |     1 ||     1
  Use: Potion            |     1 |     2 |     2 |     4 |       ||     9
       Scroll            |       |     2 |     5 |     4 |     7 ||    18
 Stab: Sleeping          |     1 |       |       |     1 |     9 ||    11
       Distracted        |       |       |       |     4 |    12 ||    16
       Paralysed         |       |       |       |     5 |       ||     5
Armor: Leather armour    |    15 |       |       |       |       ||    15
       Ring mail         |    27 |    22 |    64 |   297 |  1013 ||  1423
       Chain mail        |       |    97 |   101 |       |       ||   198
       Skin              |       |       |       |     1 |       ||     1
Dodge: Dodged            |    46 |   102 |   130 |   307 |   997 ||  1582
Block: Buckler           |       |       |       |   124 |   609 ||   733
       Kite shield       |       |       |       |       |   338 ||   338
       Reflection        |       |       |       |       |     8 ||     8
